 Dungeon Crawl Stone Soup version bcrawl-1.18 (webtiles) character file.

Game seed: 16716533821688684274

2034 JackS81 the Cudgeler (level 9, 0/72 HPs)
             Began as a Sand Dwarf Skald on Oct 31, 2019.
             Slain by an orc warrior
             ... wielding a cursed +0 war axe
              (16 damage)
             ... on level 6 of the Dungeon on Nov 1, 2019.
             The game lasted 00:37:32 (8034 turns).

JackS81 the Cudgeler (Sand Dwarf Skald)             Turns: 8034, Time: 00:37:33

Health: 0/72       AC: 14    Str: 19    XL:     9   Next: 24%
Magic:  3/16       EV:  8    Int: 14    God:
Gold:   184        SH:  0    Dex: 10    Spells: 5/17 levels left

rFire    + . .     SeeInvis .   n - +1 flail (holy)
rCold    + . .     Gourm    +   (shield restricted)
rNeg     . . .     Faith    .   C - +0 plate armour
rPois    .         Spirit   .   s - +1 hat
rElec    .         Reflect  .   B - scarf {rC+ rF+}
rCorr    .         Harm     .   (no gloves)
MR       +....                  (no boots)
Stlth    ..........             j - amulet of the gourmand
HPRegen  1.22/turn              b - ring of wizardry
MPRegen  0.15/turn              (no ring)

@: about to teleport, very slightly contaminated, regenerating, slow
A: small, slowness 1, armour attunement
a: no special abilities


You were on level 6 of the Dungeon.
You were completely stuffed.

You visited 1 branch of the dungeon, and saw 6 of its levels.

You collected 238 gold pieces.
You spent 54 gold pieces at shops.

Inventory:

Hand Weapons
 a - a +0 mace
 h - a +0 arbalest
 n - a +1 flail of holy wrath (weapon)
 t - a +0 blowgun
Missiles
 k - 727 arrows
 u - 312 poisoned needles
 v - 49 tomahawks (quivered)
 A - 159 bolts
Armour
 s - a +1 hat (worn)
 w - a +0 chain mail
 B - a scarf of resistance (worn)
 C - a +0 plate armour (worn)
 D - a +0 robe of magic resistance
Jewellery
 b - a ring of wizardry (left hand)
 j - an amulet of the gourmand (around neck)
 p - an uncursed amulet of faith
 q - an uncursed ring of ice
Scrolls
 c - 10 scrolls of identify
 e - a scroll of enchant weapon {unknown}
 g - 6 scrolls of remove curse
 i - a scroll of magic mapping {unknown}
 l - a scroll of immolation {unknown}
 m - 5 scrolls of teleportation
 y - a scroll of amnesia {unknown}
 z - a scroll of fog {unknown}
Potions
 o - 2 potions of curing
 x - a potion of brilliance
Comestibles
 f - 11 rations {!d}
 r - 4 chunks of flesh


   Skills:
 + Level 4.3 Fighting
 + Level 7.9 Maces & Flails
 + Level 1.0 Crossbows
 * Level 7.7 Armour
 - Level 1.5 Dodging
 + Level 4.7 Spellcasting
 * Level 6.7 Charms
 + Level 1.1 Necromancy
 - Level 0.2 Ice Magic


You had 5 spell levels left.
You knew the following spells:

 Your Spells              Type           Power        Failure   Level  Hunger
a - Infusion              Chrm           ###.....     1%          1    None
b - Song of Slaying       Chrm           ###.....     1%          2    ##.....
c - Spectral Weapon       Hex/Chrm       ##......     6%          3    ###....
d - Ozocubu's Armour      Chrm/Ice       ##......     5%          3    ###....
e - Regeneration          Chrm/Necr      ##........   4%          3    ###....

Your spell library contained the following spells:

 Spells                   Type           Power        Failure   Level  Hunger
 Magic Dart               Conj           #...         8%          1    None
 Slow                     Hex            #.......     8%          1    None
 Summon Small Mammal      Summ           #...         8%          1    None
 Blink                    Tloc           N/A          11%         2    ##.....
 Call Imp                 Summ           #.......     11%         2    ##.....
 Call Canine Familiar     Summ           #.......     21%         3    ###....
 Conjure Flame            Conj/Fire      #.......     21%         3    ###....
 Mephitic Cloud           Conj/Pois/Air  #.......     21%         3    ###....
 Summon Ice Beast         Ice/Summ       #.......     52%         4    ####...
 Summon Lightning Spire   Summ/Air       #.......     86%         5    ######.


Dungeon Overview and Level Annotations

Branches:
Dungeon (6/12)
 Temple: D:4-7

Altars:
Fedhas
Kikubaaqudgha

Shops:
D:4 !   D:5 *


Innate Abilities, Weirdness & Mutations

You are small and have problems with some larger weapons.
You cover ground slowly.
Armour does not affect your spellcasting.


Message History

The orc warrior hits you with a cursed +0 war axe!
As you read the scroll of teleportation, it crumbles to dust.
You feel strangely unstable.
The orc priest hits you but does no damage.
The orc warrior hits you but does no damage.
You thump the orc priest!
The orc priest is almost dead.
The orc priest invokes the aid of Beogh against you.
Pain shoots through your body!
The orc warrior hits you with a cursed +0 war axe!
You closely miss the orc priest.
The orc priest is almost dead.
The orc priest mumbles some strange prayers to Beogh against you.
Pain shoots through your body!
* * * LOW HITPOINT WARNING * * *
Casting: Regeneration (safe; 4% risk of failure)
Confirm with . or Enter, or press ? or * to list all spells.
Your skin crawls.
The orc warrior hits you with a cursed +0 war axe!
You die...

####.#.###.......#
.... #. #......#
###.#...#### ...
... #.....##
#.รท....... #...
#.....#
####>........ ....
#.....#
#............ ##..
#######
#............
#.....##.####
####)..#.# #.o@# .
#.....o# ##
#..)...# #......#
#....... ####.....
#..... #.....


You could see an orc warrior and an orc priest.

Vanquished Creatures
  A troll (D:6)
  An orc warrior (D:6)
  An ice beast (D:5)
  A black bear (D:6)
  2 necrophages (D:5)
  A sky beast (D:4)
  2 centaurs
  Blork the orc (D:4)
  A scorpion (D:5)
  A howler monkey (D:5)
  4 crimson imps
  2 hounds (D:5)
  A bullfrog zombie (D:5)
  3 orc wizards
  A centaur zombie (D:5)
  A gnoll shaman (D:5)
  3 orc priests
  A centaur skeleton (D:6)
  Jessica (D:2)
  An iguana (D:3)
  5 worker ants
  Robin (D:2)
  11 gnolls
  7 adders
  2 oozes
  An adder zombie (D:3)
  2 adder skeletons (D:4)
  4 worms
  A dart slug (D:4)
  7 leopard geckos
  15 orcs
  2 ball pythons (D:1)
  5 bats
  A giant cockroach (D:2)
  10 goblins
  15 hobgoblins
  13 jackals
  4 quokkas
  4 frilled lizards
  9 kobolds
  A quokka zombie (D:4)
  6 rats
156 creatures vanquished.

Vanquished Creatures (others)
  A bullfrog skeleton (D:3)
  A giant cockroach (D:3)
  8 spectral weapons
10 creatures vanquished.

Grand Total: 166 creatures vanquished

Notes
Turn   | Place    | Note
-------+----------+-------------------------------------------
     0 | D:1      | JackS81 the Sand Dwarf Skald began the quest for the Orb.
     0 | D:1      | Reached XP level 1. HP: 18/18 MP: 3/3
   195 | D:1      | Reached XP level 2. HP: 12/25 MP: 5/5
   747 | D:1      | Reached XP level 3. HP: 29/30 MP: 3/6
   760 | D:1      | Learned a level 2 spell: Song of Slaying
  1079 | D:2      | Noticed Robin
  1079 | D:2      | Noticed Jessica
  1372 | D:2      | Killed Robin
  1378 | D:2      | Reached XP level 4. HP: 37/37 MP: 5/7
  1765 | D:2      | Killed Jessica
  2199 | D:3      | Learned a level 3 spell: Spectral Weapon
  2239 | D:3      | Reached XP level 5. HP: 30/42 MP: 6/8
  2387 | D:3      | Found an ancient bone altar of Kikubaaqudgha.
  2598 | D:3      | Reached skill level 5 in Maces & Flails
  3086 | D:3      | Reached XP level 6. HP: 50/50 MP: 5/10
  3101 | D:3      | Learned a level 3 spell: Ozocubu's Armour
  3504 | D:4      | Noticed a sky beast
  3516 | D:4      | Killed a sky beast
  3827 | D:4      | Found Refutomp's Distillery.
  3974 | D:4      | Reached XP level 7. HP: 56/56 MP: 5/11
  4052 | D:4      | Reached skill level 5 in Charms
  4106 | D:4      | Found a blossoming altar of Fedhas.
  4119 | D:4      | Noticed Blork the orc
  4215 | D:4      | Killed Blork the orc
  5091 | D:5      | Entered Level 5 of the Dungeon
  5431 | D:5      | Reached skill level 5 in Armour
  6162 | D:5      | Reached XP level 8. HP: 34/63 MP: 3/13
  6626 | D:5      | Found Vikhlem's General Store.
  6924 | D:5      | Bought a +0 arbalest for 54 gold pieces
  7072 | D:5      | Learned a level 3 spell: Regeneration
  7540 | D:6      | Reached XP level 9. HP: 35/70 MP: 8/15
  7841 | D:6      | Reached skill level 1 in Necromancy
  7878 | D:6      | Noticed a troll
  7890 | D:6      | Killed a troll
  7890 | D:6      | Reached skill level 1 in Crossbows
  8034 | D:6      | Slain by an orc warrior

Skill      XL: |  1  2  3  4  5  6  7  8  9 |
---------------+----------------------------+-----
Armour         | 2 3 4 5 7 |  7.7
Maces & Flails | 4 5 6 7 |  7.9
Charms         | 4 5 6 |  6.7
Spellcasting   | 3 4 |  4.7
Fighting       | 3 4 |  4.3
Necromancy     | 1 |  1.1
Crossbows      | 1 |  1.0
Dodging        | |  1.5
Ice Magic      | |  0.2

Action                   |  1- 3 |  4- 6 |  7- 9 || total
-------------------------+-------+-------+-------++-------
Melee: Mace              |   114 |   233 |   161 ||   508
       Flail             |       |       |    80 ||    80
 Fire: Arbalest          |       |       |     2 ||     2
Throw: Tomahawk          |       |       |    18 ||    18
 Cast: Infusion          |     7 |    20 |     8 ||    35
       Song of Slaying   |     1 |     7 |     3 ||    11
       Spectral Weapon   |       |     7 |    20 ||    27
       Ozocubu's Armour  |       |     1 |    17 ||    18
       Regeneration      |       |       |     2 ||     2
  Use: Potion            |     1 |     3 |     8 ||    12
       Scroll            |       |       |     6 ||     6
 Stab: Distracted        |       |       |     2 ||     2
  Eat: Chunk             |     2 |    20 |    21 ||    43
Armor: Leather armour    |    28 |    10 |       ||    38
       Skin              |    42 |    30 |     2 ||    74
       Chain mail        |       |    60 |   183 ||   243
       Plate armour      |       |       |    27 ||    27
Dodge: Dodged            |    88 |   125 |   170 ||   383
